Cogmind - Beta 16 --- EXPLORER MODE // 2025.11.12 @ 12:36:27 Player: K.K.Y. Result: Destroyed by S-10 Pest with Light Assault Rifle Performance ------------- Evolutions (0) 0 Regions Visited (2) 400 Robots Destroyed (39) 195 Value Destroyed (730) 730 Prototype IDs (12) 240 Alien Tech Used (0) 0 Bonus (0) 0 TOTAL SCORE: 1565 Bonus ------- None Cogmind --------- Core Integrity 0/250 Matter 300/300 Energy 180/180 System Corruption 0% Temperature Cool (0) Movement Core (1500) Ox29 Location -10/Subcaves Parts ------- > --- POWER (1) -------- Meta Core > --- PROPULSION (3+1) - (None) > --- UTILITY (2+1) ---- Huge Storage Unit > --- WEAPON (2) ------- Makeshift Axe > --- INVENTORY (25) --- Ion Engine Humpback Structural Scanner Machine Analyzer Subdweller Optics Subdweller Optics Sensor Array Signal Interpreter Improved Terrain Scanner Improved Terrain Scanner Terrain Scan Processor Seismic Detector Scrap Shield Recalibrator Small Laser Beam Cannon Subdweller Beam Cannon Subdweller Beam Cannon Autogun Autogun Battle Rifle Battle Rifle Peak State ------------ > --- POWER ------------ Meta Core > --- PROPULSION ------- Aluminum Leg Aluminum Leg Aluminum Leg > --- UTILITY ---------- Huge Storage Unit > --- WEAPON ----------- Beam Cannon Mining Laser Makeshift Axe > --- INVENTORY -------- Ion Engine Structural Scanner Machine Analyzer Sensor Array Signal Interpreter Improved Terrain Scanner Improved Terrain Scanner Terrain Scan Processor Seismic Detector Recalibrator Small Laser Autogun Autogun Light Cannon [Rating: 25] Favorites ----------- Power Meta Core Engine Ion Engine Power Core Meta Core Propulsion Aluminum Leg Leg Aluminum Leg Utility Huge Storage Unit Device Sensor Array Storage Huge Storage Unit Weapon Makeshift Axe Energy Gun Small Laser Energy Cannon Beam Cannon Ballistic Gun Assault Rifle Ballistic Cannon Light Cannon Special Weapon Mining Laser Slashing Weapon Makeshift Axe Build | -11 -10 -10 ------- Run | Yrd Mat Sub Slots Evolved 1 | . 1 . Power . | . . . Propulsion 1 | . 1 . Utility . | . . . Weapon . | . . . Parts Attached 18 | 7 8 3 Power 3 | 1 1 1 Engine 2 | 1 1 . Core 1 | . . 1 Reactor . | . . . Propulsion 4 | 2 2 . Treads . | . . . Leg 4 | 2 2 . Wheel . | . . . Hover . | . . . Flight . | . . . Utility 4 | 2 2 . Device 1 | 1 . . Storage 3 | 1 2 . Processor . | . . . Hackware . | . . . Protection . | . . . Artifact . | . . . Weapon 7 | 2 3 2 Energy Gun 1 | 1 . . Energy Cannon 1 | . . 1 Ballistic Gun 2 | 1 1 . Ballistic Cannon 1 | . 1 . Launcher . | . . . Special Weapon 1 | . 1 . Impact Weapon . | . . . Slashing Weapon 1 | . . 1 Piercing Weapon . | . . . Special Melee Weapon . | . . . Unidentified Prototypes . | . . . Parts Lost 6 | . 1 5 Power . | . . . Propulsion 3 | . . 3 Utility 1 | . 1 . Weapon 2 | . . 2 Highest Loss Streak 3 | . 1 3 To Critical Strikes 1 | . . 1 Average Backups 15 | . 8 18 Power . | . . . Propulsion . | . . . Utility 10 | . 6 11 Weapon 5 | . 1 6 Tool/Special . | . . . Unused Backups 18 | . 1 17 Power . | . . . Propulsion 1 | . 1 . Utility 13 | . . 13 Weapon 4 | . . 4 Tool/Special . | . . . Average Slot Usage (%) 60 | . 86 50 Engine 4 | . 12 1 Core 6 | . . 8 Leg 17 | . 36 10 Storage 10 | . 12 10 Energy Gun 2 | . 10 . Ballistic Gun 1 | . 4 . Ballistic Cannon 5 | . 5 6 Special Weapon 3 | . 1 4 Slashing Weapon 6 | . . 9 Peak Build Rating 25 | 7 9 25 Average Rating 17 | 4 8 21 On Entrance 5 | . 7 8 Avg Prop Armor Cover (%) . | . . . Naked Turns . | . . . Heaviest Build 93 | 17 89 93 Greatest Support 30 | 20 30 30 Greatest Overweight (x) 30 | . 2 30 Average Overweight (x) 6 | . 1 11 Largest Inventory Capacity 25 | 10 25 25 Average Capacity 24 | 8 23 25 Most Carried 24 | 5 14 24 Average Carried 16 | . 8 20 Final Capacity 25 | 10 25 25 Final Carried 24 | . 14 24 Class Distribution -------------------- 100% | Hacker-Mutant Dominant Class ---------------- Hacker-Mutant | -10/Materials Hacker-Mutant | -10/Subcaves Resources | -11 -10 -10 ----------- Run | Yrd Mat Sub Matter Collected 710 | 226 408 76 Remotely . | . . . Salvage Created 1301 | . 1083 218 Parts 81 | . 71 10 Haulers Intercepted 1 | . 1 . Recyclers Shooed 1 | . 1 . Parts Field Recycled . | . . . Retrieved Matter . | . . . Parts Self-Destructed . | . . . Prevented . | . . . Parts Restored . | . . . Kills | -11 -10 -10 ------- Run | Yrd Mat Sub Combat Hostiles Destroyed 17 | . 13 4 Guns 13 | . 13 . Cannons 4 | . . 4 Classes Destroyed 13 | . 9 4 Worker 6 | . 6 . Builder 4 | . 4 . Tunneler 4 | . 4 . Hauler 1 | . 1 . Recycler 3 | . 3 . Mechanic 1 | . 1 . Watcher 3 | . 3 . Swarmer 2 | . 2 . Grunt 11 | . 11 . Sentry 1 | . . 1 Artisan 2 | . . 2 Cobbler 1 | . . 1 Subdweller 3 | . . 3 Best Kill Streak 5 | . 5 2 Combat Bots Only 3 | . 3 2 Max Kills in Single Turn 2 | . 2 1 Gunslinging 1 | . 1 . Exploded . | . . . Melee . | . . . Uniques/NPCs Destroyed . | . . . Combat | -11 -10 -10 -------- Run | Yrd Mat Sub Hostile Shots Fired 207 | . 61 146 Missed 75 | . 21 54 Hits 132 | . 40 92 Projectile 132 | . 40 92 Critical Strikes 2 | . . 2 Damage Taken 1150 | . 417 733 Core 250 | . 86 164 Absorbed by Shields . | . . . Ignored by Resistances 714 | . 259 455 Core Remaining (%) 100 | 100 . . Volleys Fired 130 | . 88 42 Largest 2 | . 2 1 Hottest 100 | . 100 100 Shots Fired 209 | . 167 42 Gun 134 | . 134 . Cannon 54 | . 30 24 Launcher . | . . . Special 21 | . 3 18 Kinetic 94 | . 85 9 Thermal 115 | . 82 33 Explosive . | . . . Electromagnetic . | . . . Robot Hit Streak 25 | . 19 25 Robot Miss Streak 2 | . 2 2 Penetration Max . | . . . Secondary Targets 3 | . 3 . Max Gunslinging Chain 1 | . 1 . Shots Hit Robots 150 | . 117 33 Core Hits 61 | . 51 10 Critical Kills . | . . . Critical Parts Destroyed . | . . . Critical Strikes 3 | . 3 . Blast 3 | . 3 . Melee Attacks 12 | . . 12 Impact . | . . . Slashing 12 | . . 12 Piercing . | . . . Sneak Attacks 5 | . . 5 Combat Hostiles . | . . . Follow-up Attacks . | . . . Damage Inflicted 2385 | . 1499 886 Guns 1154 | . 1154 . Cannons 718 | . 296 422 Explosions . | . . . Melee 416 | . . 416 Ramming 1 | . 1 . Kinetic 966 | . 804 162 Thermal 1002 | . 694 308 Explosive . | . . . Electromagnetic . | . . . Impact . | . . . Slashing 416 | . . 416 Piercing . | . . . Highest Corruption . | . . . Average Corruption . | . . . Corruption Purged . | . . . Corruption Blocked . | . . . Overload Shots . | . . . Overflow Damage 125 | . 8 117 Projectiles 8 | . 8 . Explosions . | . . . Melee 117 | . . 117 Knockbacks 2 | . 1 1 Impact . | . . . Kinetic 2 | . 1 1 Secondary . | . . . Self-Inflicted Damage . | . . . Shots . | . . . Rammed . | . . . Targets Rammed 1 | . 1 . Kicked 1 | . 1 . Crushed . | . . . Highest Temperature 48 | . 48 . Average Temperature 14 | . 14 . Received Heat Transfer 531 | . 228 303 Siege Activations . | . . . Martial Activations . | . . . Shielding Activations . | . . . Robots Disrupted . | . . . Combat Hostiles . | . . . Robots Corrupted . | . . . Combat Hostiles . | . . . Parts Fried . | . . . Impact Corruptions . | . . . Robots Melted . | . . . Combat Hostiles . | . . . Parts Melted 2 | . . 2 Heat Transferred 2230 | . 1575 655 Parts Sabotaged . | . . . Parts Stolen . | . . . Parts Stripped . | . . . Power Chain Reactions . | . . . Alert | -11 -10 -10 ------- Run | Yrd Mat Sub Maximum Alert Level . | . . . Low Security (%) 100 | 100 100 . Level 1 . | . . . Level 2 . | . . . Level 3 . | . . . Level 4 . | . . . Level 5 . | . . . High Security . | . . . Max Security . | . . . Peak Influence 125 | . 125 . Initial . | . . . Average 8 | . 8 . Influence Increases 510 | . 445 65 Destroy 0b10 Robot/C 280 | . 260 20 Destroy 0b10 Robot/NC 110 | . 110 . Destroy Leader 58 | . 58 . Successful Hack 13 | . 13 . Disable Machine 4 | . 4 . Lose Combat Pursuer 45 | . . 45 Influence Decreases 505 | . 445 60 Time Decay 485 | . 435 50 Lost Part 20 | . 10 10 Squads Dispatched 2 | . 2 . Investigation 2 | . 2 . Extermination . | . . . Reinforcement . | . . . Assault . | . . . Garrison . | . . . Intercept . | . . . Searches Triggered . | . . . Construction Impeded . | . . . Haulers Reinforced . | . . . Active Scanning Responses . | . . . Cargo Convoy Interrupts . | . . . Stealth | -11 -10 -10 --------- Run | Yrd Mat Sub Distress Signals . | . . . Communications Jammed . | . . . Distress Signals . | . . . Times Spotted 32 | . 19 13 Peak Tracking Total 6 | . 4 6 Tactical Retreats 2 | . . 2 Traps | -11 -10 -10 ------- Run | Yrd Mat Sub Traps Triggered 2 | . 1 1 Indirectly . | . . . Trap Hack Attempts . | . . . Triggered . | . . . Disarmed . | . . . Reprogrammed . | . . . Reused . | . . . Traps Extracted . | . . . Installed . | . . . Triggered . | . . . Machines | -11 -10 -10 ---------- Run | Yrd Mat Sub Machines Disabled 2 | . 1 1 Max in Single Turn 1 | . 1 1 Machines Repaired . | . . . Machines Dismantled . | . . . Machines Sabotaged . | . . . Overloaded Fab Kills . | . . . Hacking | -11 -10 -10 --------- Run | Yrd Mat Sub Machines Accessed 5 | . 3 2 Terminals 3 | . 3 . Fabricators . | . . . Repair Stations . | . . . Recycling Units . | . . . Scanalyzers . | . . . Garrison Access . | . . . Total Hacks 24 | . 11 13 Successful 20 | . 7 13 Failed 4 | . 4 . Catastrophic . | . . . Database Lockouts . | . . . Manual 1 | . 1 . Terminals 11 | . 11 . Fabricators . | . . . Repair Stations . | . . . Recycling Units . | . . . Scanalyzers . | . . . Garrison Access . | . . . Terminal Hacks 20 | . 7 13 Record 12 | . . 12 Branch Access Points 1 | . 1 . Scanalyzer Index 1 | . 1 . Locate Traps 1 | . 1 . Hauler Manifests 1 | . 1 . Zone Layout 3 | . 3 . Proto ID Catalog 1 | . . 1 Fabricator Hacks . | . . . Repair Station Hacks . | . . . Recycling Unit Hacks . | . . . Scanalyzer . | . . . Garrison Access Hacks . | . . . Unauthorized Hacks . | . . . Terminals . | . . . Fabricators . | . . . Repair Stations . | . . . Recycling Units . | . . . Scanalyzers . | . . . Garrison Access . | . . . Data Cores Recovered . | . . . Used . | . . . Hacking Detections 3 | . 3 . Full Trace Events 3 | . 3 . Feedback Events . | . . . Feedback Blocked . | . . . Robot Schematics Acquired . | . . . Robots Built . | . . . Authchips . | . . . Time . | . . . Total Robot Build Rating . | . . . Part Schematics Acquired . | . . . Parts Built . | . . . Authchips . | . . . Time . | . . . Total Part Build Rating . | . . . Part Studies Acquired . | . . . Parts Repaired . | . . . Time . | . . . Parts Recycled . | . . . Recycled Matter . | . . . Retrieved Matter . | . . . Retrieved Components . | . . . Parts Scanalyzed . | . . . Part Schematics Acquired . | . . . Parts Damaged . | . . . Bothacking | -11 -10 -10 ------------ Run | Yrd Mat Sub Used RIF Installer . | . . . Robots Hacked . | . . . Non-combat . | . . . Combat . | . . . Robot Hacks Applied . | . . . Relay Couplers Released . | . . . Fabnet Peak Effective % . | . . . Robots Rewired . | . . . Allies Hacked . | . . . Hacks Repelled . | . . . Allies | -11 -10 -10 -------- Run | Yrd Mat Sub Total Allies . | . . . Largest Group . | . . . Highest-Rated Group . | . . . Highest-Rated Ally . | . . . Total Orders . | . . . Ally Attacks . | . . . Total Damage . | . . . Kills . | . . . Allies Corrupted . | . . . Allies Melted . | . . . Intel | -11 -10 -10 ------- Run | Yrd Mat Sub Active Infowar (turns) 383 | 43 340 . Sensors 383 | 43 340 . Robot Analysis Total . | . . . Derelict Logs Recovered 2 | . . 2 Drone Launches . | . . . Drone Recoveries . | . . . Exploration | -11 -10 -10 ------------- Run | Yrd Mat Sub Turns Passed 10875 | 62 2949 7864 Spaces Moved 2193 | 47 1094 1052 Core 334 | 19 . 315 Treads . | . . . Legs 1859 | 28 1094 737 Wheels . | . . . Hover . | . . . Flight . | . . . Fastest Speed 50 | 50 120 260 Average Speed 454 | 91 233 699 Slowest Speed 1550 | 120 260 1550 Overloaded Moves . | . . . Propulsion Burnouts . | . . . Robots Hopped . | . . . Potential Cave-ins . | . . . Cave-ins Triggered . | . . . Exploration Rate (%) 53 | 4 100 56 Regions Visited 2 Branch Regions 1 Pre-discovered Areas 3 | . . 3 Known Exits Taken 2 | 1 1 . Unknown Exits Taken . | . . . Scrap Searched . | . . . Spaces Dug . | . . . Terrain Destroyed . | . . . Melee . | . . . Projectile . | . . . AOE . | . . . Terrain Rammed . | . . . Walls Destroyed . | . . . Machines Disabled . | . . . Actions | -11 -10 -10 --------- Run | Yrd Mat Sub Total 2859 | 65 1322 1472 Wait 454 | 6 100 348 Move 2191 | 46 1093 1052 Hop . | . . . Pick Up 37 | 6 21 10 Fast Attach 1 | 1 . . Attach 15 | 6 4 5 Detach 7 | . 4 3 Swap 4 | . 4 . Drop 7 | . 7 . Fire 130 | . 88 42 Melee 12 | . . 12 Ram . | . . . Kick 1 | . 1 . Crush . | . . . Escape Stasis . | . . . Rewire . | . . . Trap . | . . . Miscellaneous . | . . . Route ------- -11/Scrapyard -10/Materials (discovered 5 exits: *Mat x3 / *Min / *Sub) -10/Subcaves (discovered 2 exits: *Mat x2) History --------- Turn | Location | Event 7 | -11/Scrapyard | Identified exit to Materials 7 | -11/Scrapyard | Discovered exit to Materials (range 16) 63 | -11/Scrapyard | Entered Materials 63 | -10/Materials | Evolved 1 slot: Propulsion x1 305 | -10/Materials | Build established: Hacker-Mutant 313 | -10/Materials | Identified exit to Materials 313 | -10/Materials | Discovered exit to Materials (range 10) 514 | -10/Materials | Discovered exit to Materials (range 5) 553 | -10/Materials | Identified exit to Mines 553 | -10/Materials | Discovered exit to Mines (range 16) 774 | -10/Materials | Discovered exit to Materials (range 3) 1621 | -10/Materials | Identified exit to Subcaves 1621 | -10/Materials | Discovered exit to Subcaves (range 10) 3012 | -10/Materials | Entered Subcaves 3158 | -10/Subcaves | Learned location of Zion (-7) 3158 | -10/Subcaves | Met a Zionite searching for "candidates" 3359 | -10/Subcaves | Shifting Twisted Machinery released Mak. Axe 3366 | -10/Subcaves | Shifting Twisted Machinery released Flamer 4126 | -10/Subcaves | Visited 4L-MR0's lab 4151 | -10/Subcaves | Found Meta Core 4155 | -10/Subcaves | Attached Meta Core, gained temporary slots: Propulsion, Utility, Weapon 4316 | -10/Subcaves | Ambushed by angry Subdweller bent on revenge 5026 | -10/Subcaves | Shifting Twisted Machinery released Sub. Beam Cannon 5064 | -10/Subcaves | Shifting Twisted Machinery released Humpback 5430 | -10/Subcaves | Learned Materials terminal intel 6012 | -10/Subcaves | Lost 3 parts (2n1w) 7468 | -10/Subcaves | Identified exit to Materials 7468 | -10/Subcaves | Discovered exit to Materials (range 14) 7859 | -10/Subcaves | Discovered exit to Materials (range 15) 8093 | -10/Subcaves | Visited Clippyterm 8139 | -10/Subcaves | Learned location of Section 7 (-2) 8139 | -10/Subcaves | Learned Factory trap positions 10846 | -10/Subcaves | Core integrity fell below 50% 10860 | -10/Subcaves | Core integrity fell below 20% 10868 | -10/Subcaves | Learned location of Mines (-10) 10876 | -10/Subcaves | Destroyed by S-10 Pest with Light Assault Rifle Last Messages --------------- of stepping on the wrong spot, would you like help? Data stored: Factory trap records. >>Record! "Early Bird" It looks like you're searching for a worm, right? Don't bother with early when it comes to the Lifeworm, it's never early, but by some measures it might be just in time... 10728_ Acquired Battle Rifle. 10843_ Lgt. Cannon destroyed. 10846_ S-10 Pest destroyed. 10847_ Subatomizers dissect the Lgt. Assault Rifle. 10849_ S-10 Pest destroyed. 10857_ Subatomizers dissect the Lgt. Assault Rifle. 10868_ Acquired derelict log, extracted data. World map updated: -10/Mines. 10870_ Subatomizers dissect the Lgt. Assault Rifle. Map ----- +----------------------------------------------------+ | ?????????# ## # | | ?????????#### ### ### ## | | ????????????# ##?## #?# # | | ????????##### ] #???## ## | | ??#####?# ## =%#####????#### ### | | ??# #?# ##???????????# ##?# ### ## | | ??# ### #???????????? #?# ##?###### | | ??# ## ##??????????? ##?# ##???????? | | ??### #??????????? ##??# ?? #????? | | ????# ##?????????? #???? ???? | | ????## ### ?? #?????? ?? | | ?????# * ???#??????? ?# ? | | ????## % ### ???????????? ??# | | ????# ##?? ????????????????????# | | ?##### ###??? #####??????????????????# | | ?# # #?????# ###??????????????????????# ## | | ?# ###??????##??????????##?????????????????# | | ?# #??????????????????# ?????#??????????# | | ?# ##????????????????? ???? #?????????# | | ?# #???????????????## ??? #????????# | | ?## #??????????????## #??? #????????# # | | ??### ##??????????????# #?? #?? ????# ###? | | ???## ##???????????????# #?? ### ????##????? | | ???# #??????????????## ?? t"?????????? | | ???# ##??????????????# ###% s=[ ????????? | | ???# #??????????????# @ s%%= t"?????????? | | ??## ##??????????????## #???????????????? | | ??# ##???????????????# ## #???????????????? | | ??# #??????????????## ##??? #???????????????? | | ??## #??????????????# ###??????????????????? | | ??## #??????????????# ##?????????????????# | | ?## ##?????????????# #?????????????????# | | ?# #?????????????# ##?????????????##### | | ?## #?????????????# ##??????????????# | | ??### ##?????????????# ##???????######### | | ???# #??????????????# ##???????## ## | | ???## ##??????????????# ##????????# | | ???## ##??????????????# ##?#######?## ### | | ???# #??????????????# #?## ##?## ### ##?# | | ???## ##??????????????## ### ######?# ##?? | | ???# #???????????????# ## ##### #?? | | ???# ##???????????????# ## ### | | ???# #???????????????# ## ## | | ???## #???????????????# ## | | ???# #???????????????## ## | | ???## #????????????????## ### ## | | ????# ##?????????##??????# ##?# ##### | | ????# #####??? ##?????# #??## ###???# | | ????# # ## #????? #???####### #????## | | ???## #???? ##?????????## #????# | +----------------------------------------------------+ Best States ------------- Heat Dissipation 25 Energy Generation 17 Energy Capacity 250 Matter Stores 300 Matter Capacity 300 Sight Range 16 Robot Scan Range 14 Terrain Scan Density 10 Resistance: KI 35 Resistance: TH 35 Resistance: EX 35 Resistance: EM 35 Resistance: I 35 Resistance: S 35 Resistance: P 35 Evasion (%) 55 Offensive Hacking 20 Item Schematics ----------------- None Robot Schematics ------------------ None Fabricated ------------ Nothing Repaired ---------- Nothing Studied --------- None Alien Tech Used ----------------- None Achievements -------------- None Challenges ------------ None Game ------ Seed ShadeCloakMegashotty Manual? 0 Play Time 00:18:27 Cumulative 78.2 hours Start 2025.11.12 @ 12:18:43 End 2025.11.12 @ 12:36:27 Sessions 1 Manual Loads 0 Difficulty Explorer Special Mode None Game No. 66 Rogue 0 Adventurer 0 Explorer 66 Win Type - Total 0 Types 0/0/0/0/0/0/0/0/0/0 Lore% 51 Gallery% 54 Achievement% 42 Wizard Run 0 Options --------- Layout 1 ASCII 0 Keyboard 0 Movement Mouse Keybinds 0 Fullscreen 1 Font 24/Smallcaps Map View 50x35 Zoom Use 0% Tactical HUD 1 Map Filters NONE Filters NONE Steam 1 RUN: caa4fb79-cf13-4cee-818f-953fc1aaa372